 Dungeon Crawl Stone Soup version 0.20-a0-303-g575bbf7 (webtiles) character file.

87 Havercy the Skirmisher (level 4, 0/36 HPs)
             Began as a Mummy Chaos Knight on Dec 16, 2016.
             Slain by Purgy (4 damage)
             ... on level 3 of the Dungeon.
             The game lasted 00:02:56 (2237 turns).

Havercy the Skirmisher (Mummy Chaos Knight)         Turns: 2237, Time: 00:02:57

Health: 0/36       AC:  7    Str: 16      XL:     4   Next: 28%
Magic:  4/4        EV: 11    Int:  8 (11) God:    Xom [..*...]
Gold:   160        SH:  0    Dex: 11      Spells: 3/3 levels left

rFire  x . .     SeeInvis .     a - +1 falchion (chaos)
rCold  + . .     Gourm    .     b - +2 leather armour
rNeg   + + +     Faith    .     (no shield)
rPois  ∞         Spirit   .     p - +0 helmet
rElec  .         Reflect  .     (no cloak)
rCorr  .         Harm     .     k - +0 pair of gloves
MR     .....                    (no boots)
Stlth  +.........               (no amulet)
                                (no ring)
                                (no ring)

@: very slightly contaminated
A: no food or potions, fire vulnerability, cold resistance 1, negative energy
resistance 3, torment resistance, unbreathing
a: Renounce Religion


You were on level 3 of the Dungeon.
You worshipped Xom.
You were a toy of Xom.
You were not hungry.

You visited 1 branch of the dungeon, and saw 3 of its levels.

You collected 160 gold pieces.

Inventory:

Hand Weapons
 a - a +1 falchion of chaos (weapon)
Armour
 b - a +2 leather armour (worn)
 k - a +0 pair of gloves (worn)
 p - a +0 helmet (worn)
Magical Staves
 i - an uncursed staff of poison {unknown}
Jewellery
 h - an uncursed ring of see invisible {unknown}
Scrolls
 c - 2 scrolls of magic mapping
 m - a scroll of noise {unknown}
 n - a scroll of identify {unknown}
 o - a scroll of fog {unknown}


   Skills:
 + Level 3.6 Fighting
 + Level 3.2 Long Blades
 + Level 2.1 Armour
 + Level 1.0 Dodging
 + Level 0.8 Stealth


You had 3 spell levels left.
You didn't know any spells.

Dungeon Overview and Level Annotations

Branches:
Dungeon (3/15)

Altars:
Xom

Annotations:
D:3 Purgy


Innate Abilities, Weirdness & Mutations

You do not eat or drink.
Your flesh is vulnerable to fire.
You are immune to poison.
Your flesh is cold resistant. (rC+)
You are immune to negative energy. (rN+++)
You are immune to unholy pain and torment.
You can survive without breathing.


Message History

Press: ? - help, Dir - move target cursor You are very lightly contaminated with residual magic.
As you read the scroll labeled MAVIDI BAQOSTRO, it crumbles to dust.
It was a scroll of blinking.
You hear a shout!
You hear a shout!
Purgy rages.
A frilled lizard comes into view.
As you read the scroll labeled ZAUJIE MYIV, it crumbles to dust.
It is a scroll of amnesia.
You feel forgetful for a moment.
Purgy rages.
The frilled lizard hisses angrily.
Unknown command.
As you read the scroll labeled DOFUEW GOESH, it crumbles to dust.
The creatures around you are filled with an inner flame!
It was a scroll of immolation.
Purgy is no longer berserk.
Purgy closely misses you. Purgy claws you.
You die...
Xom cackles wildly!

......# ##.## #.# #.# # #.....#
#..# #.###.# ****# #.....#
##.###.....# ### *,,.. #.....#
#..##.....###.# #.### #†....#
#.............####.# ####..#
#..##.....##....##.# #..#
#..##.###.##....##.###
#..######...#.# #.#.†......#..
####..#........#@#
#.#........#..
......#........T.#
#.#........#..
####.##.....(.#..#
#.#..)........ #.##....%..#..#
#.#.......!#..
#.##.......##.###.#........#..
###†##(......##..##.###.........
#..............l.##.# #.........
#.##############.##.###.......##
#.# #......#)......#


You could see Purgy (inner flame) and a frilled lizard (inner flame).

Vanquished Creatures
  3 adders
  4 dart slugs
  5 orcs (D:3)
  6 bats
  4 giant cockroaches
  A goblin (D:1)
  5 hobgoblins
  3 jackals (D:1)
  6 kobolds
  4 frilled lizards
  5 rats
46 creatures vanquished.

Notes
Turn   | Place    | Note
-------+----------+-------------------------------------------
     0 | D:1      | Havercy the Mummy Chaos Knight began the quest for the Orb.
     0 | D:1      | Reached XP level 1. HP: 18/18 MP: 1/1
   168 | D:1      | Reached XP level 2. HP: 19/24 MP: 2/2
   173 | D:1      | XOM: harmless Tmut miscast
   344 | D:1      | XOM: enchant monster (good)
   493 | D:1      | XOM: god gift: short glowing staff {god gift}
   518 | D:1      | XOM: god gift: morningstar {god gift}
   802 | D:2      | Reached XP level 3. HP: 28/29 MP: 3/3
   915 | D:2      | XOM: scenery: create altars
  1022 | D:2      | Found a faded altar of an unknown god.
  1272 | D:2      | XOM: 7-stop teleportation journey
  1278 | D:2      | XOM: god gift: 20 gold pieces
  1715 | D:3      | Reached XP level 4. HP: 33/36 MP: 4/4
  1798 | D:3      | Reached skill level 1 in Dodging
  1877 | D:3      | XOM: fog
  2164 | D:3      | XOM is BORED!
  2164 | D:3      | XOM: medium Divn miscast
  2208 | D:3      | Noticed Purgy
  2216 | D:3      | HP: 1/36 [Purgy (9)]
  2216 | D:3      | XOM: butterfly on damage
  2217 | D:3      | XOM: summons friendly crimson imp
  2218 | D:3      | XOM: divination: magic mapping
  2237 | D:3      | Slain by Purgy

Vault maps used:
D:1:      dpeg_arrival_rooms_b
D:2:      chequers_ecumenical_altar_simple_redux
D:3:      first_bread, kennysheep_generic_room_11, uniq_purgy

Skill      XL: |  1  2  3  4 |
---------------+-------------+-----
Long Blades    | 3 |  3.2
Armour         | 2 |  2.1
Dodging        | 1 |  1.0
Fighting       | |  3.6
Stealth        | |  0.8

Action                   |  1- 3 |  4- 6 || total
-------------------------+-------+-------++-------
Melee: Falchion          |   135 |    32 ||   167
  Use: Scroll            |     1 |     6 ||     7
 Stab: Paralysed         |     3 |       ||     3
       Sleeping          |     2 |     1 ||     3
       Confused          |       |     1 ||     1
Armor: Leather armour    |    77 |     9 ||    86
Dodge: Dodged            |    84 |    16 ||   100
       Rpst.: Falchion   |    25 |     1 ||    26
